[Event "Marienbad Open-A2 2019"]
[Site "Marianske Lazne"]
[Date "2019.01.26"]
[Round "9"]
[White "Liu, Guanchu"]
[Black "Swicarz, Maciej"]
[Result "1-0"]
[ECO "B20"]
[WhiteElo "2425"]
[BlackElo "2331"]
[Annotator "RC"]
[PlyCount "51"]
[EventDate "2019.01.17"]
[EventType "tourn"]
[EventCountry "CZE"]
[SourceTitle "playchess.com"]
[Source "ChessBase"]
[SourceQuality "1"]
[TimeControl "40/5400+30:1800+30"]

1. e4 c5 2. Ne2 Nf6 3. Nbc3 d6 4. d4 cxd4 5. Nxd4 a6 6. Be3 e5 7. Nf3 Be7 8. Bc4 Be6 9. Bxe6 fxe6 10. Ng5 Qd7 11. Qf3 d5 12. O-O-O d4 13. Bxd4 exd4 14. e5 Nc6 15. exf6 Bxf6 16. Nce4 Qe7 17. Qh5+ g6 18. Qg4 e5 19. Ne6 Kf7 20. N6c5 b6 21. Nd7 Bg7 22. Qf3+ Ke6 23. Nxb6 Rab8 24. Qb3+ Kf5 25. Qh3+ Kxe4 26. Qf3# {Kd5} 1-0

[Event "Marienbad Open-A2 2019"]
[Site "Marianske Lazne"]
[Date "2019.01.26"]
[Round "9"]
[White "Kulkarni Bhakti"]
[Black "Gungl, Theo"]
[Result "1/2-1/2"]
[ECO "B22"]
[WhiteElo "2303"]
[BlackElo "2368"]
[Annotator "NA"]
[PlyCount "33"]
[EventDate "2019.01.17"]
[EventType "tourn"]
[EventCountry "CZE"]
[SourceTitle "playchess.com"]
[Source "ChessBase"]
[SourceQuality "1"]
[TimeControl "40/5400+30:1800+30"]

1. e4 c5 2. c3 d5 3. exd5 Qxd5 4. d4 Nf6 5. Nf3 Bg4 6. Be2 e6 7. h3 Bh5 8. O-O Nc6 9. Be3 cxd4 10. cxd4 Bb4 11. a3 Ba5 12. Nc3 {[%emt 0:03:09] LiveBook: 13 Games} Qd6 13. Nb5 Qe7 14. Rc1 Nd5 15. Bg5 f6 16. Bd2 Bb6 $11 17. Re1 1/2-1/2